 Dungeon Sprint DCSS version 0.17-a0-1805-g6093636 (webtiles) character file.

333 Kidiri the Covert (level 6, -9/25 HPs)
             Began as a Spriggan Enchanter on Sept 12, 2015.
             Was an Initiate of Dithmenos.
             Mangled by a spatial vortex (13 damage)
             ... in the Dungeon (Sprint III: "The Ten Rune Challenge").
             The game lasted 00:05:09 (222 turns).

Kidiri the Covert (Spriggan Enchanter)               Turns: 222, Time: 00:05:09

Health: -9/25      AC:  3    Str:  4    XL:     6   Next: 27%
Magic:  0/17       EV: 26    Int: 18    God:    Dithmenos [......]
Gold:   30         SH:  0    Dex: 19    Spells: 5 memorised, 8 levels left

rFire  . . .     SeeInvis +     a - +1 dagger
rCold  . . .     Clarity  .     b - +1 robe
rNeg   . . .     SustAt   .     (shield restricted)
rPois  .         Gourm    .     (helmet restricted)
rElec  .         Spirit   .     (no cloak)
rCorr  .         Warding  .     (gloves unavailable)
rMut   .         NoTele   +     (boots unavailable)
MR     +....                    (no amulet)
Stlth  +++++.....               (no ring)
                                (no ring)

@: very quick, somewhat resistant to hostile enchantments, quite stealthy
A: unfitting armour, hooves 1, see invisible, agile 1, herbivore 3, speed 3,
frail 1, sense surroundings 1, slow metabolism 2
a: Renounce Religion


You were in the Dungeon.
You worshipped Dithmenos.
Dithmenos was noncommittal.
You were not hungry.

You visited 1 branch You collected 30 gold pieces.

Inventory:

Hand weapons
 a - a +1 dagger (weapon)
Armour
 b - a +1 robe (worn)
Scrolls
 j - a scroll of blinking
 l - a scroll of holy word
 m - a scroll of identify {unknown}
 n - a scroll of remove curse
 r - a scroll of recharging {unknown}
Potions
 e - a potion of curing
 f - a potion of heal wounds
 g - a potion of haste
 h - 2 potions of magic
 i - a potion of berserk rage
 p - 3 potions of cure mutation
 q - a potion of brilliance {unknown}
 s - 2 potions of flight
Comestibles
 d - a bread ration
 o - 3 royal jellies


   Skills:
 + Level 4.8 Short Blades
 * Level 9.3 Dodging
 * Level 10.3 Stealth
 * Level 7.8 Spellcasting
 + Level 2.0 Conjurations
 + Level 6.3 Hexes
 + Level 3.2 Ice Magic
 + Level 0.0 Invocations


You had 8 spell levels left.
You knew the following spells:

 Your Spells              Type           Power        Failure   Level  Hunger
a - Corona                Hex            ####...      1%          1    None
b - Ensorcelled Hibernat  Hex/Ice        ###...       1%          2    None
c - Confuse               Hex            ####....     2%          3    #......
d - Tukima's Dance        Hex            ####....     2%          3    #......
e - Dazzling Spray        Conj/Hex       ###.....     6%          3    #......


Dungeon Overview and Level Annotations

Branches:
Dungeon (1/1)

Altars:
Dithmenos
Gozag
Makhleb
Nemelex Xobeh
Qazlal
Ru
Xom
Jiyva
Lugonu


Innate Abilities, Weirdness & Mutations

You are tiny and cannot use many weapons and most armour.
You have supernaturally acute eyesight.
You are a herbivore.
You cover ground extremely quickly.
You need consume almost no food.
You have large cloven feet.
You are agile. (Dex +2)
You are frail (-10% HP).
You passively map a small area around you.


Message History

You close the door.
You are too injured to fight recklessly!
You barely miss the spatial vortex.
You kick the spatial vortex, but do no damage.
The spatial vortex is severely damaged.
Casting: Dazzling Spray
Confirm with . or Enter, or press ? or * to list all spells.
Aiming: Dazzling Spray
Press: ? - help, Shift-Dir - straight line, f/p - spatial vortex
Aim: a spatial vortex (severely damaged)
The spray of energy hits the spatial vortex.
The spatial vortex is almost destroyed.
The spatial vortex completely misses you.
You barely miss the spatial vortex.
The spatial vortex is severely damaged.
You hit the spatial vortex but do no damage.
The spatial vortex is severely damaged.
The spatial vortex hits you!
Ouch! That really hurt!
You die...

▓▓▓ * * * ♣♣ ♣.# * *
** * .♣ ♣.# _ __, .♣
♣.# , , *,,,
♣♣♣♣♣.###+#+###+##
......#..........# ,
,
≈.....'.⌠........#,*
≈≈≈♣♣.#...######v#
≈≈....#.⌠.#__#..@# *
**
≈.....#...#__#...#
......#+###__#...#
*,, , ......#
,#__#...+ , ......#
#_.+...#, ▓▓▓▓▓▓▓
▓▓▓▓▓▓▓▓ ** ≈ * , ,
≈ ** ≈ ≈ ≈ ,, * *


You could see a spatial vortex.

Vanquished Creatures
  A shadow (D)
  A water elemental (D)
  A scorpion (D)
  A jelly (D)
  Jessica (D)
  A human (D)
  2 oozes (D)
  A rat (D)
9 creatures vanquished.

Vanquished Creatures (others)
  A yaktaur (D)
1 creature vanquished.

Grand Total: 10 creatures vanquished

Notes
Turn   | Place    | Note
--------------------------------------------------------------
     0 | D        | Kidiri the Spriggan Enchanter began the quest for the Orb.
     0 | D        | Reached XP level 1. HP: 9/9 MP: 5/5
     4 | D        | Reached skill level 5 in Stealth
     7 | D        | Reached XP level 2. HP: 13/13 MP: 5/7
    11 | D        | Learned a level 2 spell: Ensorcelled Hibernation
    32 | D        | Noticed Jessica
    34 | D        | Killed a yaktaur
    35 | D        | Killed Jessica
    35 | D        | Reached skill level 5 in Dodging
    35 | D        | Reached skill level 6 in Stealth
    35 | D        | Reached skill level 1 in Ice Magic
    35 | D        | Reached XP level 3. HP: 16/16 MP: 7/9
    76 | D        | Learned a level 3 spell: Confuse
    80 | D        | Learned a level 3 spell: Tukima's Dance
   107 | D        | Noticed a scorpion
   114 | D        | Killed a scorpion
   114 | D        | Reached skill level 7 in Stealth
   114 | D        | Reached skill level 5 in Spellcasting
   114 | D        | Reached skill level 5 in Hexes
   114 | D        | Reached XP level 4. HP: 21/21 MP: 10/12
   130 | D        | Learned a level 3 spell: Dazzling Spray
   133 | D        | Gained mutation: You passively map a small area around you. [potion of mutation]
   133 | D        | Gained mutation: You are frail (-10% HP). [potion of mutation]
   133 | D        | Gained mutation: Your spells are a little harder to cast, but a little more powerful. [potion of mutation]
   134 | D        | Lost mutation: Your spells are a little harder to cast, but a little more powerful. [potion of mutation]
   134 | D        | Gained mutation: You have large cloven feet. [potion of mutation]
   134 | D        | Gained mutation: You are agile. (Dex +2) [potion of mutation]
   157 | D        | Noticed a water elemental
   160 | D        | Killed a water elemental
   160 | D        | Reached skill level 8 in Stealth
   160 | D        | Reached XP level 5. HP: 21/21 MP: 12/14
   178 | D        | Noticed a jelly
   179 | D        | Noticed a shadow
   181 | D        | Killed a shadow
   181 | D        | Reached skill level 9 in Dodging
   181 | D        | Reached skill level 10 in Stealth
   181 | D        | Reached skill level 1 in Conjurations
   181 | D        | Reached XP level 6. HP: 25/25 MP: 14/17
   185 | D        | Killed a jelly
   190 | D        | Found a stormy altar of Qazlal.
   191 | D        | Noticed a spatial vortex
   191 | D        | Found a sacrificial altar of Ru.
   191 | D        | Found a burning altar of Makhleb.
   191 | D        | Found a viscous altar of Jiyva.
   191 | D        | Found a shimmering altar of Xom.
   191 | D        | Found a shadowy altar of Dithmenos.
   191 | D        | Found a sparkling altar of Nemelex Xobeh.
   191 | D        | Found a corrupted altar of Lugonu.
   191 | D        | Found an opulent altar of Gozag.
   195 | D        | Became a worshipper of Dithmenos the Shadowed
   222 | D        | Mangled by a spatial vortex

Vault maps used:
D:        dungeon_sprint_mu

Action                   |  1- 3 |  4- 6 || total
-------------------------+-------+-------++-------
Melee: Dagger            |     9 |    11 ||    20
 Cast: Ensorcelled Hiber |     1 |       ||     1
       Corona            |     1 |       ||     1
       Dazzling Spray    |       |     6 ||     6
  Use: Scroll            |       |     2 ||     2
       Potion            |       |     2 ||     2
 Stab: Sleeping          |     5 |     3 ||     8
